 Dungeon Crawl Stone Soup version 0.30.1-9-gdf580d7c3d (webtiles) character file.

Game seed: 15756339431406954921

303 Cheops the Stinger (level 6, -3/49 HPs)
             Began as a Naga Venom Mage on Oct 17, 2023.
             Slain by a hound (5 damage)
             ... on level 3 of the Dungeon.
             The game lasted 00:14:24 (2772 turns).

Cheops the Stinger (Naga Venom Mage)                Turns: 2772, Time: 00:14:24

Health: -3/49      AC:  7    Str: 10    XL:     6   Next: 38%
Magic:  8/10       EV: 10    Int: 18    God:
Gold:   152        SH:  0    Dex: 17    Spells: 1/11 levels left

rFire   . . .        a - +1 dagger (freeze)
rCold   . . .        (no shield)
rNeg    . . .        d - +0 robe
rPois   +            (no helmet)
rElec   .            (no cloak)
rCorr   .            (no gloves)
SInv    +            (no barding)
Will    .....        (no amulet)
Stlth   ++           i - +4 ring of protection
HPRegen 0.28/turn    p - +6 ring of dexterity
MPRegen 0.12/turn

%: no passive effects
@: very slow
A: AC +2, large, see invisible, deformed body, poison resistance, slowness 2,
spit poison 1, naga tail 1
a: Spit Poison


You were on level 3 of the Dungeon.
You visited 1 branch of the dungeon, and saw 4 of its levels.

You collected 152 gold pieces.

Inventory:

Hand Weapons
 a - a +1 dagger of freezing (weapon)
 b - a +0 whip of flaming
 s - a +0 short sword
Armour
 d - a +0 robe (worn)
Jewellery
 i - a +4 ring of protection (left hand)
 j - a ring of protection from cold
 p - a +6 ring of dexterity (right hand)
 q - a ring of flight
Wands
 u - a wand of flame (31)
Scrolls
 h - 3 scrolls of identify {unknown}
 m - 3 scrolls of teleportation {unknown}
 n - a scroll of blinking {unknown}
 r - a scroll of immolation {unknown}
 t - a scroll of magic mapping {unknown}
 v - a scroll of vulnerability {unknown}
 y - a scroll of enchant armour {unknown}
Potions
 c - 2 potions of mutation {unknown}
 e - a potion of flight {unknown}
 f - 3 potions of curing {unknown}
 g - a potion of ambrosia {unknown}
 k - 2 potions of heal wounds {unknown}
 l - a potion of resistance {unknown}
 o - a potion of haste {unknown}
 w - 2 potions of lignification {unknown}
 x - a potion of degeneration {unknown}
 z - 2 potions of magic


   Skills:
 - Level 2.0 Short Blades
 - Level 1.6 Dodging
 - Level 3.0 Stealth
 - Level 3.0 Spellcasting
 - Level 3.5 Transmutations
 - Level 3.0 Air Magic
 + Level 4.5 Poison Magic


You had one spell level left.
You knew the following spells:

 Your Spells              Type           Power      Damage    Failure   Level
a - Sting                 Tmut/Pois      68%        1d6       3%          1
m - Mephitic Cloud        Conj/Pois/Air  11%        N/A       17%         3
r - Olgreb's Toxic Radia  Pois           19%        N/A       26%         4
v - Poisonous Vapours     Pois/Air       32%        N/A       5%          2

Your spell library contained the following spells:

 Spells                   Type           Power      Damage    Failure   Level
 Apportation              Tloc           4%         N/A       16%         1
 Necrotise                Necr           8%         1d4       16%         1
 Summon Small Mammal      Summ           8%         N/A       16%         1


Dungeon Overview and Level Annotations

Branches:
Dungeon (4/15)
 Temple: D:4-7

Altars:


Innate Abilities, Weirdness & Mutations

Your serpentine skin is tough. (AC +2)
You have supernaturally acute eyesight. (SInv)
Armour fits poorly on your strangely shaped body.
Your system is resistant to poisons. (rPois)
You cover ground very slowly.
You can spit poison.
You have a snake-like lower body.


Message History

The hound is moderately wounded.
You kill the iguana!
The hound misses you.
You hit the hound but do no damage.
The hound is moderately wounded.
The hound bites you.
* * * LOW HITPOINT WARNING * * *
The hound bites you.
* * * LOW HITPOINT WARNING * * *
You closely miss the hound.
The hound is lightly wounded.
The hound bites you but does no damage.
You hit the hound. You freeze the hound.
The hound is moderately wounded.
The hound barely misses you. The hound closely misses you.
Casting: Sting (safe; 3% risk of failure)
Confirm with . or Enter, or press ? or * to list all spells.
Aiming: Poisonous Vapours (safe; 5% risk of failure)
Press: ? - help, Dir - move target, f - hound
Aim: a hound (moderately wounded) Poisonous vapours surround the hound!
The hound is poisoned.
The hound bites you.
* * * LOW HITPOINT WARNING * * *
The hound attacks as you move away! The hound misses you. The hound bites you.
* * * LOW HITPOINT WARNING * * *
Unknown command.
You hit the hound. You freeze the hound.
The hound is heavily wounded.
The hound bites you but does no damage.
You barely miss the hound.
The hound is heavily wounded.
The hound bites you but does no damage. The hound barely misses you.
You completely miss the hound.
The hound is heavily wounded.
The hound barely misses you.
Unknown command.
You hit the hound but do no damage.
The hound is heavily wounded.
The hound bites you.
You die...

............## ##.#
........[....# #..##########
...#.......#.## ##...........#
...#.......#..# ##............#
...#.......##.## #.............#
...#.......##..# #.#...........#
...#.......###.###.#...........#
...#.......# #..#..#...........#
...#.......####.@.##...........#
.............###h###...........#
###..........# #.# #...........#
#..........# #.# #...........#
#..........###+###...........#
#..........##.......)........#
#...†......##................#
#..........##......###########
#..........##......#


You could see a hound (poisoned).

Vanquished Creatures
  Sigmund (D:3)
  An iguana (D:3)
  3 adders
  3 gnolls (D:2)
  3 worms
  3 dart slugs
  5 bats
  5 endoplasms
  2 giant cockroaches
  6 goblins
  4 hobgoblins
  2 quokkas (D:1)
  6 ball pythons
  5 frilled lizards
  3 rats
52 creatures vanquished.

Notes
Turn   | Place    | Note
-------+----------+-------------------------------------------
     0 | D:1      | Cheops the Naga Venom Mage began the quest for the Orb.
     0 | D:1      | Reached XP level 1. HP: 15/15 MP: 3/3
   121 | D:1      | Reached skill level 1 in Short Blades
   150 | D:1      | Reached XP level 2. HP: 15/22 MP: 0/5
   549 | D:1      | Learned a level 2 spell: Poisonous Vapours
  1010 | D:2      | Reached XP level 3. HP: 28/28 MP: 6/6
  1014 | D:2      | Learned a level 3 spell: Mephitic Cloud
  1312 | D:2      | Reached XP level 4. HP: 23/36 MP: 2/8
  1567 | D:2      | Reached skill level 1 in Air Magic
  2015 | D:3      | Noticed Sigmund
  2029 | D:3      | Killed Sigmund
  2030 | D:3      | Reached XP level 5. HP: 4/42 MP: 4/9
  2030 | D:3      | Reached XP level 6. HP: 5/49 MP: 4/10
  2281 | D:3      | Learned a level 4 spell: Olgreb's Toxic Radiance
  2615 | D:3      | Found a faded altar of an unknown god.
  2768 | D:3      | HP: 1/49 [hound (4)]
  2772 | D:3      | Slain by a hound

Illustrated notes

Levels and vault maps discovered:
D:1:      minmay_arrival_stair_chambers, layout_basic, nicolae_wormholes
D:2:      minmay_evil_eye, layout_loops_cross, grunt_decor_mini_mirrors
D:3:      layout_basic, chequers_ecumenical_altar_twisty, uniq_sigmund
D:4:      layout_rooms, temple_doors_e, uniq_duvessa, uniq_eustachio

Skill      XL: |  1  2  3  4 |
---------------+-------------+-----
Short Blades   | 1 2 |  2.0
Spellcasting   | 3 |  3.0
Air Magic      | 3 |  3.0
Transmutations | 3 |  3.5
Dodging        | |  1.6
Stealth        | |  3.0
Poison Magic   | |  4.5

Action                     |  1- 3 |  4- 6 || total
---------------------------+-------+-------++-------
  Melee: Unarmed           |    14 |       ||    14
         Short sword       |    37 |     2 ||    39
         Punch             |     1 |       ||     1
         Whip              |       |    13 ||    13
         Dagger            |       |    17 ||    17
   Cast: Sting             |    36 |    35 ||    71
         Poisonous Vapours |       |     5 ||     5
Ability: Spit Poison       |    12 |    10 ||    22
   Stab: Sleeping          |     1 |     2 ||     3
 Armour: Robe              |    21 |    23 ||    44
  Dodge: Dodged            |    40 |    30 ||    70
